 Dungeon Crawl Stone Soup version 0.30-a0-373-gd37427bb62 (webtiles) character file.

Game seed: 13492494376532278565

817 funkygono the Firebug (level 7, -6/48 HPs)
             Began as a Demonspawn Fire Elementalist on Nov 24, 2022.
             Was a Follower of Vehumet.
             Mangled by Joseph
             ... wielding a +0 quarterstaff
              (11 damage)
             ... on level 7 of the Dungeon.
             The game lasted 00:07:39 (4793 turns).

funkygono the Firebug (DsFE)                        Turns: 4793, Time: 00:07:40

Health: -6/48      AC:  6    Str:  8    XL:     7   Next: 62%
Magic:  2/14       EV: 12    Int: 18    God:    Vehumet [*.....]
Gold:   331        SH:  0    Dex: 14    Spells: 5/16 levels left

rFire   . . .      SeeInvis .    i - +9 whip of Zizod {vorpal, Stlth+}
rCold   + . .      Faith    .    (no shield)
rNeg    . . .      Spirit   .    a - +0 robe
rPois   .          Reflect  .    w - +0 helmet
rElec   .          Harm     .    (no cloak)
rCorr   .          Rampage  .    (no gloves)
Will    .....                    o - +0 pair of boots
Stlth   +++.......               d - amulet of the acrobat
HPRegen 0.28/turn                e - ring of protection from cold
MPRegen 0.28/turn                (no ring)

@: no status effects
A: claws 2, icy blue scales 1, magic regeneration
a: Renounce Religion


You were on level 7 of the Dungeon.
You worshipped Vehumet.
Vehumet was aware of your devotion.
You visited 2 branches of the dungeon, and saw 7 of its levels.

You collected 331 gold pieces.

Inventory:

Hand Weapons
 c - a +1 long sword
 i - the +9 whip of Zizod (weapon) {vorpal, Stlth+}
   (You found it on level 2 of the Dungeon)

   It inflicts extra damage upon your enemies.
   Stlth:     It makes you more stealthy.
 p - the +8 mace "Uxecs" {antimagic, Str+4}
   (You found it on level 3 of the Dungeon)

   It reduces the magical energy of the wielder, and disrupts the spells and
   magical abilities of those it strikes.
   Natural abilities and divine invocations are not affected.
   Str:       It affects your strength (+4).
 q - a +1 short sword of protection
 C - a +2 vorpal mace
Armour
 a - a +0 robe (worn)
 h - a +0 leather armour
 o - a +0 pair of boots (worn)
 w - a +0 helmet (worn)
Jewellery
 d - an amulet of the acrobat (around neck)
 e - a ring of protection from cold (left claw)
 n - an amulet of guardian spirit
Wands
 r - a wand of flame (12)
 z - a wand of mindburst (15)
 A - a wand of quicksilver (10)
Scrolls
 g - a scroll of brand weapon {unknown}
 m - 3 scrolls of enchant armour {unknown}
 s - 2 scrolls of teleportation
 x - a scroll of blinking
 y - a scroll of amnesia
 B - a scroll of identify
Potions
 b - 2 potions of magic
 f - 2 potions of brilliance
 j - a potion of attraction {unknown}
 k - a potion of ambrosia
 l - a potion of invisibility {unknown}
 t - a potion of cancellation {unknown}
 u - a potion of flight {unknown}
 v - 2 potions of curing


   Skills:
 + Level 1.2 Fighting
 + Level 1.6 Maces & Flails
 + Level 2.5 Dodging
 - Level 1.7 Stealth
 + Level 5.1 Spellcasting
 + Level 3.2 Conjurations
 + Level 5.2 Fire Magic


You had 5 spell levels left.
You knew the following spells:

 Your Spells              Type           Power      Damage    Failure   Level
a - Foxfire               Conj/Fire      76%        2x1d7     2%          1
b - Scorch                Fire           46%        2d7       2%          2
c - Kindle Blastsparks    Fire/Tloc/Air  20%        2d11      19%         3
d - Flame Wave            Conj/Fire      19%        2d7       22%         4
e - Magic Dart            Conj           64%        1d6       3%          1

Your spell library contained the following spells:

 Spells                   Type           Power      Damage    Failure   Level
 Beastly Appendage        Tmut           8%         N/A       13%         1
 Inner Flame              Hex/Fire       14%        N/A       14%         3
 Wereblood                Tmut           4%         N/A       21%         2
 Call Canine Familiar     Summ           4%         N/A       36%         3
 Portal Projectile        Hex/Tloc       8%         N/A       36%         3
 Spider Form              Tmut/Pois      4%         N/A       36%         3
 Leda's Liquefaction      Hex/Erth       2%         N/A       78%         4
 Olgreb's Toxic Radiance  Pois           4%         N/A       78%         4
 Ozocubu's Refrigeration  Ice            2%         4d7       100%        7
 Ignition                 Fire           11%        3d5       100%        8


Dungeon Overview and Level Annotations

Branches:
Dungeon (5/15)             Temple (1/1) D:4

Altars:
Ashenzari
Cheibriados
Fedhas
Gozag
Kikubaaqudgha
Makhleb
Okawaru
Qazlal
Ru
Trog
Uskayaw
Vehumet
Wu Jian
Xom
Yredelemnul

Annotations:
D:7 Joseph


Innate Abilities, Weirdness & Mutations

You have very sharp fingernails.
You are partially covered in icy blue scales. (AC +2)
You regenerate magic rapidly.


Message History

A gnoll comes into view. It is wielding a +0 club.
The gnoll sergeant barely misses you.
Casting: Scorch (safe; 2% risk of failure)
Confirm with . or Enter, or press ? or * to list all spells.
Flames lash the gnoll.
The gnoll is heavily wounded.
The gnoll's fire resistance burns away.
The gnoll sergeant closely misses you.
Unknown command.
Casting: Scorch (safe; 2% risk of failure)
Confirm with . or Enter, or press ? or * to list all spells.
You conjure some foxfire!
The foxfire hits the gnoll.
The gnoll is burned terribly!
The gnoll is severely wounded.
The gnoll sergeant hits you from afar with a +0 spear!
You completely miss the gnoll.
The gnoll is severely wounded.
The foxfire hits the gnoll!
The gnoll is burned terribly!
You kill the gnoll!
Vehumet accepts your kill.
You feel your power returning. The gnoll sergeant barely misses you.
The gnoll sergeant completely misses you.
Things that are here:
a +0 club; a +0 spear; a gnoll corpse You hit the gnoll sergeant but do no damage.
The gnoll sergeant is moderately wounded.
The gnoll sergeant hits you with a +0 spear!
* * * LOW HITPOINT WARNING * * *
Joseph, a Mercenary comes into view.
He is wielding a +0 quarterstaff.
Joseph shouts!
You hit the gnoll sergeant.
The gnoll sergeant is moderately wounded.
You hear a shout!
The gnoll sergeant closely misses you.
Casting: Foxfire (safe; 2% risk of failure)
Confirm with . or Enter, or press ? or * to list all spells.
You conjure some foxfire!
The gnoll sergeant hits you with a +0 spear.
* * * LOW HITPOINT WARNING * * *
Joseph hits you with a +0 quarterstaff!
You die...

#######...##
#...........
#############...........
...........##...........
##########.#............
#.#...).......)
#.#.......<....
#.#...v........
#.#...v@.......
#.#...@g.......
##########.#..#.########
......ยงยง............
..##.#####.......... ..#
###..#.###.. ..# #..#.#
. ..## #..#.# ...# #..#


You could see Joseph (ally target) and a gnoll sergeant.

Vanquished Creatures
  A black bear (D:4)
  An ogre (D:5)
  A phantom (D:7)
  A necrophage (D:4)
  2 howler monkeys (D:7)
  3 hounds (D:4)
  2 jellies
  A gnoll bouda (D:4)
  An iguana (D:7)
  An orc wizard (D:7)
  Robin (D:4)
  7 gnolls
  2 adders
  A shadow imp (D:7)
  A worm (D:4)
  8 orcs
  5 ball pythons
  3 endoplasms
  2 giant cockroaches
  16 goblins
  18 hobgoblins
  4 jackals (D:3)
  2 kobolds
  2 quokkas
  4 bats
  A frilled lizard (D:2)
  4 rats
95 creatures vanquished.

Vanquished Creatures (others)
  253 foxfires
253 creatures vanquished.

Grand Total: 348 creatures vanquished

Notes
Turn   | Place    | Note
-------+----------+-------------------------------------------
     0 | D:1      | funkygono the Demonspawn Fire Elementalist began the quest
                  | for the Orb.
     0 | D:1      | Reached XP level 1. HP: 13/13 MP: 3/3
   190 | D:1      | Gained mutation: You have sharp fingernails. [demonic
                  | ancestry]
   190 | D:1      | Reached XP level 2. HP: 11/19 MP: 0/5
   193 | D:1      | Learned a level 2 spell: Scorch
   668 | D:2      | Identified the +9 whip of Zizod {vorpal, Stlth+}
   751 | D:2      | Found a burning altar of Makhleb.
  1135 | D:2      | Gained mutation: You are partially covered in icy blue
                  | scales. (AC +2) [demonic ancestry]
  1135 | D:2      | Reached XP level 3. HP: 24/24 MP: 3/6
  1139 | D:2      | Learned a level 3 spell: Kindle Blastsparks
  1950 | D:3      | Found an ornate altar of the Wu Jian Council.
  2068 | D:3      | Found a blossoming altar of Fedhas.
  2242 | D:3      | Identified the +8 mace "Uxecs" {antimagic, Str+4}
  2313 | D:3      | Found a stormy altar of Qazlal.
  2601 | D:4      | Reached XP level 4. HP: 30/30 MP: 4/8
  2884 | D:4      | Found a staircase to the Ecumenical Temple.
  2893 | Temple   | Entered the Ecumenical Temple
  3052 | Temple   | Became a worshipper of Vehumet
  3205 | D:4      | Noticed a necrophage
  3215 | D:4      | Killed a necrophage
  3216 | D:4      | Gained mutation: You regenerate magic rapidly. [demonic
                  | ancestry]
  3216 | D:4      | Reached XP level 5. HP: 35/35 MP: 1/10
  3284 | D:4      | Noticed Robin
  3435 | D:4      | Killed Robin
  3728 | D:4      | Gained mutation: You have very sharp fingernails. [demonic
                  | ancestry]
  3728 | D:4      | Reached XP level 6. HP: 42/42 MP: 4/11
  3861 | D:4      | Found an iron altar of Okawaru.
  4046 | D:4      | Reached * piety under Vehumet
  4046 | D:4      | Offered knowledge of Magic Dart by Vehumet.
  4162 | D:4      | Reached skill level 1 in Maces & Flails
  4248 | D:4      | Learned a level 4 spell: Flame Wave
  4250 | D:4      | Learned a level 1 spell: Magic Dart
  4268 | D:5      | Entered Level 5 of the Dungeon
  4508 | D:5      | Reached skill level 1 in Fighting
  4508 | D:5      | Reached XP level 7. HP: 48/48 MP: 10/13
  4508 | D:5      | You fall into a shaft and drop 2 floors!
  4564 | D:7      | Reached skill level 5 in Fire Magic
  4747 | D:7      | Reached skill level 5 in Spellcasting
  4791 | D:7      | Noticed Joseph
  4793 | D:7      | Mangled by Joseph

Illustrated notes

Levels and vault maps discovered:
D:1:      minmay_arrival_shattered_statue, layout_rooms, serial_glass,
          glass_columns_a, glass_columns_b
D:2:      wad_pebble_path, layout_basic, basic_altar
D:3:      layout_basic, marbit_many_paths, nzn_wu_jian_contemplation,
          gammafunk_temple_overflow_elements
D:4:      layout_loops_corners, okawaru_gym_becter, temple_green,
          kennysheep_generic_room_15, uniq_robin
D:5:      layout_rooms
D:7:      layout_basic, mainiacjoe_overflow_cross_hatched, elyvilon_altar_4,
          uniq_joseph
Temple:   grunt_temple_mini_profane

Skill      XL: |  1  2  3  4  5  6  7 |
---------------+----------------------+-----
Fire Magic     | 3 4 5 |  5.2
Dodging        | 2 |  2.5
Spellcasting   | 3 4 5 |  5.1
Conjurations   | 2 3 |  3.2
Maces & Flails | 1 |  1.6
Fighting       | 1 |  1.2
Stealth        | |  1.7

Action                   |  1- 3 |  4- 6 |  7- 9 || total
-------------------------+-------+-------+-------++-------
Melee: Long sword        |     5 |       |       ||     5
       Whip              |    10 |    20 |     5 ||    35
 Cast: Foxfire           |    65 |    53 |    32 ||   150
       Scorch            |     5 |    16 |    10 ||    31
  Use: Scroll            |     4 |     6 |       ||    10
Armor: Robe              |     3 |    11 |     4 ||    18
Dodge: Dodged            |    13 |    19 |    12 ||    44

Table legend: (Time is in decaauts)
 A = Elapsed time spent in this place.
 B = Non-inter-level travel time spent in this place.
 C = Inter-level travel time spent in this place.
 D = Time resting spent in this place.
 E = Time spent auto-exploring this place.
 F = Levels seen in this place.
 G = Mean time per level.
                   A        B        C        D        E       F      G
               +--------+--------+--------+--------+--------+-----+--------+
         Total |   4795 |   4604 |    191 |     73 |   3743 |   7 |  685.0 |
       Dungeon |   4574 |   4421 |    153 |     73 |   3567 |   6 |  762.3 |
        Temple |    221 |    183 |     38 |      0 |    176 |   1 |  221.0 |
               +--------+--------+--------+--------+--------+-----+--------+

Top non-repeatable levels by time:
     D:4: 1518 daAuts
     D:2: 1031 daAuts
     D:3: 851 daAuts
     D:1: 648 daAuts
     D:7: 284 daAuts
     D:5: 239 daAuts
  Temple: 221 daAuts
